 Dungeon Crawl Stone Soup version 0.28-a0-726-g4a9143789a (webtiles) character file.

Game seed: 2881975628837209063

65 cheechan the Skirmisher (level 4, -1/42 HPs)
             Began as a Naga Fighter on Oct 27, 2021.
             Slain by a gnoll (2 damage)
             ... on level 2 of the Dungeon.
             The game lasted 00:02:49 (777 turns).

cheechan the Skirmisher (Naga Fighter)               Turns: 777, Time: 00:02:49

Health: -1/42      AC:  9    Str: 18    XL:     4   Next: 13%
Magic:  4/4        EV:  7    Int:  8    God:
Gold:   123        SH:  4    Dex: 12    Spells: 3/3 levels left

rFire   . . .      SeeInvis +   a - +0 war axe
rCold   . . .      Faith    .   c - +0 buckler
rNeg    . . .      Spirit   .   b - +0 scale mail
rPois   +          Reflect  .   (no helmet)
rElec   .          Harm     .   (no cloak)
rCorr   .          Rampage  .   (no gloves)
Will    .....                   (no barding)
Stlth   ..........              (no amulet)
HPRegen 0.14/turn               g - +4 ring of protection
MPRegen 0.09/turn               (no ring)

@: very slow
A: AC +1, large, see invisible, deformed body, poison resistance, slowness 2,
spit poison 1, naga tail 1
a: Spit Poison


You were on level 2 of the Dungeon.
You visited 1 branch of the dungeon, and saw 2 of its levels.

You collected 123 gold pieces.

Inventory:

Hand Weapons
 a - a +0 war axe (weapon)
 h - a +0 hunting sling
Missiles
 f - 59 stones
 l - 16 poisoned darts
Armour
 b - a +0 scale mail (worn)
 c - a +0 buckler (worn)
Jewellery
 g - a +4 ring of protection (left hand)
Scrolls
 j - 4 scrolls of fog {unknown}
 k - 3 scrolls of identify {unknown}
Potions
 d - a potion of might
 e - a potion of berserk rage {unknown}
 i - a potion of haste {unknown}


   Skills:
 + Level 3.5 Fighting
 + Level 2.6 Axes
 + Level 3.0 Armour
 + Level 0.2 Dodging
 + Level 2.7 Shields


You had 3 spell levels left.
You didn't know any spells.
Your spell library was empty.

Dungeon Overview and Level Annotations

Branches:
Dungeon (2/15)

Altars:
Gozag


Innate Abilities, Weirdness & Mutations

Your serpentine skin is tough. (AC +1)
You have supernaturally acute eyesight. (SInv)
Armour fits poorly on your strangely shaped body.
Your system is resistant to poisons. (rPois)
You cover ground very slowly.
You can spit poison.
You have a snake-like lower body.


Message History

You hit the gnoll.
You have got your breath back.
A gnoll comes into view. It is wielding a +0 whip.
The gnoll hits you but does no damage. x2; You block the gnoll's attack.
The gnoll shouts!
You hit the gnoll.
The gnoll is almost dead.
You hit the gnoll. The gnoll barely misses you.
The gnoll hits you with a +0 spear.
The gnoll hits you but does no damage. x2
You slash the gnoll!
You kill the gnoll!
You hit the gnoll.
The gnoll hits you but does no damage. x2
The gnoll hits you with a +0 club. The gnoll barely misses you.
You block the gnoll's attack. The gnoll hits you with a +0 whip.
You barely miss the gnoll. x2; You hit the gnoll.
The gnoll barely misses you. The gnoll hits you but does no damage.
The gnoll hits you with a +0 whip.
* * * LOW HITPOINT WARNING * * *
You block the gnoll's attack. The gnoll hits you but does no damage.
You hit the gnoll.
The gnoll is lightly wounded.
You hit the gnoll. x2
You kill the gnoll!
The gnoll hits you but does no damage. You block the gnoll's attack.
The gnoll barely misses you.
An adder comes into view.
Your Armour skill increases to level 3!
You have reached level 4!
You feel agile.
You barely miss the gnoll.
The gnoll is lightly wounded.
You hit the gnoll. The gnoll hits you with a +0 spear!
* * * LOW HITPOINT WARNING * * *
The gnoll hits you but does no damage.
You hit the gnoll.
The gnoll is moderately wounded.
You barely miss the gnoll. The gnoll hits you with a +0 spear.
* * * LOW HITPOINT WARNING * * *
The gnoll hits you but does no damage. The gnoll hits you with a +0 spear.
You die...

##......###...####.....##.....
...####.###..................#
.....# ........<.....>.###.###
...... ..............# ......
..............# ......
##............# ......
..>......?....# .#####
######g)......# ....
#.)..g@.(....# #....
......#######.... .#... ####..
###. #.#..[ .... . .. .... ##
##g._


You could see 2 gnolls.

Vanquished Creatures
  2 gnolls (D:2)
  An adder (D:2)
  2 dart slugs (D:1)
  3 endoplasms
  2 giant cockroaches (D:1)
  A hobgoblin (D:1)
  2 jackals (D:1)
  2 quokkas (D:2)
  2 ball pythons
  2 bats (D:1)
  5 frilled lizards (D:1)
  2 goblins (D:1)
  4 kobolds
  3 rats
33 creatures vanquished.

Vanquished Creatures (others)
  A plant (D:1)
1 creature vanquished.

Grand Total: 34 creatures vanquished

Notes
Turn   | Place    | Note
-------+----------+-------------------------------------------
     0 | D:1      | cheechan the Naga Fighter began the quest for the Orb.
     0 | D:1      | Reached XP level 1. HP: 21/21 MP: 1/1
    83 | D:1      | Reached XP level 2. HP: 21/28 MP: 2/2
   366 | D:1      | Reached XP level 3. HP: 30/34 MP: 3/3
   491 | D:2      | Found a faded altar of an unknown god.
   762 | D:2      | Found an opulent altar of Gozag.
   776 | D:2      | Reached XP level 4. HP: 12/42 MP: 4/4
   777 | D:2      | HP: 1/42 [gnoll (4)]
   777 | D:2      | Slain by a gnoll

Illustrated notes

Levels and vault maps discovered:
D:1:      eino_arrival_water_cross, layout_rooms, minmay_pentomino_o2
D:2:      layout_rooms, hellmonk_ecumenical_altar_run_dry, basic_altar,
          kennysheep_doodads

Skill      XL: |  1  2  3 |
---------------+----------+-----
Armour         | 3 |  3.0
Fighting       | |  3.5
Axes           | |  2.6
Dodging        | |  0.2
Shields        | |  2.7

Action                   |  1- 3 |  4- 6 || total
-------------------------+-------+-------++-------
Melee: War axe           |   102 |     2 ||   104
 Abil: Spit Poison       |     8 |       ||     8
Armor: Scale mail        |    97 |     2 ||    99
Dodge: Dodged            |    51 |       ||    51
Block: Buckler           |    36 |       ||    36

Table legend: (Time is in decaauts)
 A = Elapsed time spent in this place.
 B = Non-inter-level travel time spent in this place.
 C = Inter-level travel time spent in this place.
 D = Time resting spent in this place.
 E = Time spent auto-exploring this place.
 F = Levels seen in this place.
 G = Mean time per level.
                   A        B        C        D        E       F      G
               +--------+--------+--------+--------+--------+-----+--------+
         Total |   1071 |   1071 |      0 |      0 |      0 |   2 |  535.5 |
       Dungeon |   1071 |   1071 |      0 |      0 |      0 |   2 |  535.5 |
               +--------+--------+--------+--------+--------+-----+--------+

Top non-repeatable levels by time:
     D:1: 666 daAuts
     D:2: 405 daAuts
